 Dungeon Crawl Stone Soup version 0.26.1-15-g04117e645d (webtiles) character file.

Game seed: 15014247256503384909

819752 morax the Middleweight Champion (level 27, -3/273 HPs)
             Began as a Ghoul Fighter on Apr 26, 2022.
             Was the Champion of Ru.
             Slain by Mennas
             ... wielding a +2 trishula of holy wrath
              (14 damage)
             ... in Pandemonium on Apr 29, 2022.
             The game lasted 01:47:58 (103369 turns).

morax the Middleweight Champion (Ghoul Fighter)   Turns: 103369, Time: 01:47:59

Health: -3/273     AC: 39    Str: 31    XL:     27
Magic:  15/15      EV: 17    Int:  5    God:    Ru [******]
Gold:   2228       SH:  0    Dex: 14    Spells: 21/29 levels left

rFire    + + +     SeeInvis +     - Unarmed
rCold    + + .     Faith    .   (shield unavailable)
rNeg     + + +     Spirit   .   t - +9 gold dragon scales
rPois    ∞         Reflect  .   H - +2 helmet
rElec    +         Harm     .   V - scarf {rC+ rF+}
rCorr    .         Rampage  .   (no gloves)
Will     ++...                  A - +2 pair of boots {run}
Stlth    +.........             X - amulet "Teat" {RegenMP rF++ MP-9 Slay+5 SInv}
HPRegen  0.00/turn              (ring unavailable)
MPRegen  0.39/turn              a - ring "Jaifiemi" {rElec Str+6}

@: no potions, glowing, quick
A: claws 1, cold resistance 1, negative energy resistance 3, inhibited
regeneration, torment resistance, unbreathing, inability to drink while
threatened, missing a hand, temperature sensitive
}: 6/15 runes: serpentine, barnacled, silver, abyssal, demonic, magical
a: Renounce Religion, Draw Out Power, Power Leap, Apocalypse


You were in Pandemonium.
You worshipped Ru.
Ru was exalted by your worship.
You visited 12 branches of the dungeon, and saw 54 of its levels.
You visited Pandemonium 1 time, and saw 8 of its levels.
You visited the Abyss 3 times.
You also visited: Sewer, Ossuary, Gauntlet and Wizlab.

You collected 10213 gold pieces.
You spent 7985 gold pieces at shops.

Inventory:

Missiles
 s - 6 curare-tipped darts (quivered)
 K - 15 throwing nets
Armour
 t - +9 gold dragon scales (worn)
 A - a +2 pair of boots of running (worn)
 B - the +2 cloak of the Thief {*Fog Slay-2 SInv Stlth+}
   (You found it on level 2 of the Realm of Zot)

   It affects your accuracy and damage with ranged weapons and melee attacks
   (-2).
   It lets you see invisible.
   It makes you more stealthy.
 D - the +6 crystal plate armour of Wubbyath {*Drain Int+7}
   (You acquired it on level 4 of the Depths)

   It affects your intelligence (+7).
   It causes draining when unequipped.
 H - a +2 helmet (worn)
 V - a scarf of resistance (worn)
Jewellery
 a - the ring "Jaifiemi" (right claw) {rElec Str+6}
   (You bought it in a shop on level 3 of the Snake Pit)

   [ring of strength]

   It affects your strength (+6).
   It insulates you from electricity.
 u - a +4 ring of protection
 L - an uncursed ring of protection from cold
 N - an uncursed ring of protection from fire
 R - an uncursed ring of magical power
 W - a +6 ring of dexterity
 X - the amulet "Teat" (around neck) {RegenMP rF++ MP-9 Slay+5 SInv}
   (You acquired it on level 2 of the Vaults)

   [amulet of magic regeneration]

   It increases your magic regeneration.
   It affects your accuracy and damage with ranged weapons and melee attacks
   (+5).
   It greatly protects you from fire.
   It affects your magic capacity (-9).
   It lets you see invisible.
Wands
 f - a wand of paralysis (50)
 h - a wand of flame (148)
 x - a wand of iceblast (74)
 y - a wand of acid (22)
 z - a wand of random effects (34)
 I - a wand of polymorph (74)
 M - a wand of disintegration (62)
 P - a wand of enslavement (34)
 S - a wand of digging (6)
Scrolls
 c - 37 scrolls of teleportation
 d - 31 scrolls of remove curse
 i - 15 scrolls of fog
 n - 29 scrolls of identify
 p - 12 scrolls of fear
 r - 8 scrolls of blinking
 v - 9 scrolls of immolation
 C - 8 scrolls of noise
 F - 8 scrolls of magic mapping
 U - 2 scrolls of silence
 Y - a scroll of summoning
 Z - 13 scrolls of amnesia
Potions
 e - 8 potions of degeneration
 g - 36 potions of curing
 j - 20 potions of heal wounds
 k - 6 potions of resistance
 l - 12 potions of brilliance
 o - 6 potions of cancellation
 q - 4 potions of magic
 w - 15 potions of flight
 E - 11 potions of haste
 G - 10 potions of ambrosia
 O - 6 potions of might
 Q - 9 potions of invisibility
Miscellaneous
 b - a lightning rod (4/4)
 m - the horn of Geryon
 J - a phial of floods
 T - a phantom mirror


   Skills:
 O Level 27 Fighting
 + Level 20.0 Armour
 + Level 19.7 Dodging
 + Level 21.3 Stealth
 O Level 27 Unarmed Combat
 + Level 1.7 Spellcasting
 * Level 14.0 Necromancy
 + Level 15.6 Evocations


You had 21 spell levels left.
You knew the following spells:

 Your Spells              Type           Power        Failure   Level
a - Infestation           Necr           7%           100%        8

Your spell library contained the following spells:

 Spells                   Type           Power        Failure   Level
 Animate Skeleton         Necr           28%          1%          1
 Pain                     Necr           56%          1%          1
 Vampiric Draining        Necr           7%           4%          3
 Animate Dead             Necr           7%           13%         4
 Dispel Undead            Necr           14%          13%         4
 Corpse Rot               Necr/Air       N/A          34%         2
 Agony                    Necr           14%          36%         5
 Excruciating Wounds      Necr           7%           36%         5
 Death Channel            Necr           7%           90%         6
 Apportation              Tloc           0%           99%         1
 Corona                   Hex            0%           99%         1
 Foxfire                  Conj/Fire      0%           99%         1
 Freeze                   Ice            0%           99%         1
 Magic Dart               Conj           0%           99%         1
 Summon Small Mammal      Summ           0%           99%         1
 Blink                    Tloc           N/A          99%         2
 Call Imp                 Summ           0%           99%         2
 Ensorcelled Hibernation  Hex/Ice        0%           99%         2
 Passwall                 Tmut/Erth      0%           99%         2
 Poisonous Vapours        Pois/Air       0%           99%         2
 Searing Ray              Conj           0%           99%         2
 Call Canine Familiar     Summ           0%           100%        3
 Confusing Touch          Hex            0%           100%        3
 Conjure Flame            Conj/Fire      0%           100%        3
 Dazzling Flash           Conj/Hex       0%           100%        3
 Frozen Ramparts          Ice            0%           100%        3
 Gell's Gravitas          Tloc           0%           100%        3
 Ignite Poison            Fire/Tmut/Pois 0%           100%        3
 Inner Flame              Hex/Fire       0%           100%        3
 Lesser Beckoning         Tloc           0%           100%        3
 Mephitic Cloud           Conj/Pois/Air  0%           100%        3
 Ozocubu's Armour         Ice            0%           100%        3
 Portal Projectile        Hex/Tloc       0%           100%        3
 Static Discharge         Conj/Air       0%           100%        3
 Stone Arrow              Conj/Erth      0%           100%        3
 Summon Guardian Golem    Hex/Summ       0%           100%        3
 Teleport Other           Tloc           0%           100%        3
 Tukima's Dance           Hex            0%           100%        3
 Cause Fear               Hex            0%           100%        4
 Fulminant Prism          Conj/Hex       0%           100%        4
 Hailstorm                Conj/Ice       0%           100%        4
 Iskenderun's Mystic Bla  Conj/Tloc      0%           100%        4
 Passage of Golubria      Tloc           N/A          100%        4
 Petrify                  Tmut/Erth      0%           100%        4
 Summon Ice Beast         Ice/Summ       0%           100%        4
 Summon Lightning Spire   Summ/Air       0%           100%        4
 Alistair's Intoxication  Tmut/Pois      0%           100%        5
 Borgnjor's Vile Clutch   Necr/Erth      3%           100%        5
 Fireball                 Conj/Fire      0%           100%        5
 Irradiate                Conj/Tmut      0%           100%        5
 Lightning Bolt           Conj/Air       0%           100%        5
 Metabolic Englaciation   Hex/Ice        0%           100%        5
 Silence                  Hex/Air        0%           100%        5
 Summon Demon             Summ           0%           100%        5
 Summon Forest            Summ/Tloc      0%           100%        5
 Summon Mana Viper        Hex/Summ       0%           100%        5
 Yara's Violent Unravell  Hex/Tmut       0%           100%        5
 Dispersal                Tloc           0%           100%        6
 Eringya's Noxious Bog    Tmut/Pois      0%           100%        6
 Freezing Cloud           Conj/Ice/Air   0%           100%        6
 Invisibility             Hex            0%           100%        6
 Ozocubu's Refrigeration  Ice            0%           100%        6
 Shadow Creatures         Summ           N/A          100%        6
 Simulacrum               Ice/Necr       3%           100%        6
 Starburst                Conj/Fire      0%           100%        6
 Malign Gateway           Summ/Tloc      0%           100%        7
 Spellforged Servitor     Conj/Summ      0%           100%        7
 Summon Hydra             Summ           0%           100%        7
 Discord                  Hex            0%           100%        8
 Ignition                 Fire           0%           100%        8
 Shatter                  Erth           0%           100%        9
 Tornado                  Air            0%           100%        9
 Sublimation of Blood     Necr           Unusable     N/A         2
 Beastly Appendage        Tmut           Unusable     N/A         1
 Wereblood                Tmut           Unusable     N/A         2
 Spider Form              Tmut/Pois      Unusable     N/A         3
 Ice Form                 Ice/Tmut       Unusable     N/A         4
 Blade Hands              Tmut           Unusable     N/A         5

Dungeon Overview and Level Annotations

Branches:
Dungeon (15/15)            Temple (1/1) D:4            Lair (6/6) D:10
 Shoals (4/4) Lair:3        Snake (4/4) Lair:3        Slime (0/5) Lair:5
    Orc (2/2) D:9             Elf (3/3) Orc:2        Vaults (5/5) D:13
  Crypt (3/3) Vaults:3       Tomb (0/3) Crypt:3      Depths (5/5) D:15
   Hell (visited)             Coc (0/7) Hell            Zot (5/5) Depths:5
  Sewer (visited)         Ossuary (visited)          WizLab (visited)
Gauntlet (visited)
    Dis: Hell:1         Geh: Hell:1         Tar: Hell:1

Altars:
Ashenzari
Cheibriados
Dithmenos
Elyvilon
Fedhas
Gozag
Hepliaklqana
Kikubaaqudgha
Makhleb
Nemelex Xobeh
Okawaru
Qazlal
Ru
Sif Muna
Trog
Uskayaw
Vehumet
Wu Jian
Xom
Yredelemnul
Zin
The Shining One
Beogh
Jiyva

Shops:
D:6 *   D:11 !   D:14 =:   Orc:1 *   Orc:2 [**![   Elf:1 (   Snake:1 ((
Snake:3 =}=   Vaults:1 =   Vaults:2 ?   Vaults:3 *[!!   Vaults:5 !?!!!
Depths:2 }   Depths:3 (   Depths:5 *

Portals:
Hell: Depths:1 Depths:2 Depths:3 Depths:4 Depths:5
Abyss: Depths:4
Pandemonium: Depths:1 Depths:3 Depths:4 Depths:5
Ziggurat: Depths:5

Annotations:
D:11 3 runed translucent doors, exclusion: 3 oklob plants, Sensen's ghost, journeyman MiBe; ouz's ghost, journeyman MiFi
Lair:5 1 runed translucent door
Hell exclusion: 2 ice statues
Pan Mennas


Innate Abilities, Weirdness & Mutations

You thrive by killing the living.
You are immune to poison.
You have sharp fingernails.
Your flesh is cold resistant. (rC+)
You are immune to negative energy. (rN+++)
You do not regenerate when monsters are visible.
You are immune to unholy pain and torment.
You can survive without breathing.
You cannot drink potions while threatened.
You are missing a hand.
You are sensitive to extremes of temperature. (rF-, rC-)


Message History

Mennas completely misses you. Mennas hits you but does no damage.
Found a scroll of random uselessness.
Mennas hits you but does no damage.
Mennas hits you from afar with a +2 trishula of holy wrath!
* * * LOW HITPOINT WARNING * * *
You convulse!
* * * LOW HITPOINT WARNING * * *
There is an open door here.
Mennas hits you from afar with a +2 trishula of holy wrath.
* * * LOW HITPOINT WARNING * * *
You convulse.
* * * LOW HITPOINT WARNING * * *
Mennas hits you but does no damage.
The smoke demon begins to attack, but is stunned by your conviction!
Mennas becomes audible again.
Mennas hits you but does no damage. x2
Mennas hits you but does no damage.
Mennas hits you from afar with a +2 trishula of holy wrath!
* * * LOW HITPOINT WARNING * * *
You convulse!
You die...

##### ####...####
#.........#
####...#### ##'##
###.### #### #####
#.....# #...
###...####.3...###...
#...@.A.'..6...4)....
#.......##.6...##....
#.?.....##.....#4....
#.......####.###..4..
#.......# #+# ##....
###...### #.... ##'##
##... ..) #... #'##


You could see Mennas (fast), a gelid demonspawn (icemail), an infernal
demonspawn (agile, resistant) and a smoke demon (agile).

Vanquished Creatures
  Lom Lobon (Pan)
  Khufu (Crypt:3)
  5 orbs of fire
  5 ancient liches
  Boris (thrice) (Vaults:3 Depths:2 Depths:3)
  Saint Roka (Snake:4)
  Margery (Vaults:5)
  5 Killer Klowns (Zot:5)
  A pandemonium lord (Pan)
  Xtahua (Vaults:3)
  A curse toe (Zot:3)
  7 golden dragons
  Geryon (Hell)
  The ghost of Plog the Warrior, an adept DgCj (Depths:4)
  Nikola (Shoals:4)
  A caustic shrike (Depths:4)
  A profane servitor (Crypt:3)
  Jory (Depths:5)
  3 bone dragons
  3 Tzitzimimeh (Pan)
  7 liches
  A Brimstone Fiend (Pan)
  3 electric golems
  20 tentacled monstrosities
  Rupert (Lair:6)
  2 Ice Fiends (Pan)
  A hellephant (Hell)
  Asterion (Elf:2)
  25 Orb Guardians (Zot:5)
  6 quicksilver dragons
  3 deep elf blademasters
  A deep elf master archer (Elf:3)
  6 titans
  An eldritch tentacle (WizLab)
  2 krakens
  Polyphemus (Shoals:3)
  6 tentacled starspawn
  Agnes (Elf:2)
  4 sphinxes
  3 Executioners
  Kirke (Shoals:2)
  9 death cobs
  4 ancient champions
  Murray (Hell)
  16 storm dragons
  8 draconian monks
  Donald (Shoals:1)
  9 shadow dragons
  9 tengu reavers
  3 revenants
  4 nagarajas (Snake:4)
  6 draconian knights
  11 frost giants
  Ilsuiw (Shoals:3)
  16 fire giants
  5 ghost moths
  16 vault wardens
  An iron dragon (shapeshifter) (Vaults:5)
  The ghost of Zoimialu the Destroyer, an adept OpWz of Vehumet (Snake:4)
  14 deep elf sorcerers
  3 iron dragons
  Aizul (Snake:3)
  8 draconian scorchers
  4 balrugs
  3 black suns (Pan)
  2 curse skulls (Crypt:1)
  A warmonger (Pan)
  Louise (Snake:3)
  14 draconian shifters
  5 deep elf elementalists
  4 cacodemons
  3 draconian stormcallers
  6 ghouls
  3 reapers
  11 stone giants
  An angel (Abyss:3)
  3 very ugly things
  2 spriggan defenders
  20 ironheart preservers
  3 blood saints (Pan)
  2 war gargoyles (Vaults:5)
  6 draconian annihilators
  2 ophanim (Abyss:3)
  9 black draconians
  5 corrupters (Pan)
  4 vampire knights
  12 green draconians
  10 yellow draconians
  A minotaur (Gauntlet)
  4 lorocyprocas
  5 spark wasps
  Azrael (Elf:2)
  17 purple draconians
  18 white draconians
  9 deep elf annihilators
  10 deep elf demonologists
  A spectral titan (Crypt:3)
  2 entropy weavers
  12 red draconians
  A crystal guardian (Vaults:5)
  6 merfolk javelineers
  14 deep elf death magi
  2 mummy priests (Crypt:3)
  19 ettins
  10 fire dragons
  3 merfolk impalers
  10 green deaths (Pan)
  14 blizzard demons
  A quicksilver dragon zombie (Crypt:1)
  14 yaktaur captains
  19 jiangshi
  17 ice dragons
  29 vault guards
  13 naga warriors
  12 rakshasas
  A hydra (shapeshifter) (Abyss:3)
  7 great orbs of eyes
  A quicksilver dragon skeleton (Crypt:1)
  A hell beast (Pan)
  8 boulder beetles
  2 spriggan air magi
  5 monstrous demonspawn
  24 ogre magi
  11 hydras
  2 alligator snapping turtles
  A catoblepas (Shoals:3)
  An anaconda (shapeshifter) (Depths:4)
  13 centaur warriors
  4 anacondas
  32 dancing weapons
  10 deep troll shamans
  A satyr (Shoals:4)
  8 death knights
  3 hell hogs (Hell)
  5 merfolk aquamancers
  5 orc high priests (Orc:2)
  9 deep troll earth magi
  3 merfolk avatars
  13 death yaks
  74 two-headed ogres
  5 spriggan berserkers
  13 naga sharpshooters
  5 tengu warriors
  7 thrashing horrors
  7 vampire magi
  5 shock serpents
  28 deep elf knights
  3 soul eaters
  8 sun demons
  The ghost of Sensen the Cleaver, a novice MiBe of Trog (D:9)
  Nergalle (Orc:1)
  12 sixfirhies
  3 salamander mystics
  A fire crab (Lair:6)
  6 iron trolls
  17 sea snakes
  7 shadow demons (Pan)
  25 skeletal warriors
  4 wretched stars (Abyss:3)
  An unseen horror (shapeshifter) (Vaults:4)
  3 glowing orange brains
  9 hell knights
  A death drake (shapeshifter) (Vaults:4)
  6 shadow wraiths
  4 unseen horrors
  A quicksilver dragon simulacrum (Depths:4)
  4 torturous demonspawn (Pan)
  25 deep trolls
  2 gelid demonspawn (Pan)
  19 wizards
  4 infernal demonspawn (Pan)
  7 flayed ghosts
  A sphinx zombie (Depths:4)
  An orange crystal statue (Depths:1)
  A bog body (Crypt:2)
  2 obsidian statues
  A golden dragon skeleton (Crypt:2)
  21 orc knights
  3 naga ritualists
  14 ironbrand convokers
  2 anaconda skeletons (Hell)
  25 deep elf archers
  13 phantasmal warriors
  An iron dragon zombie (Depths:4)
  A shadow dragon zombie (Abyss:3)
  5 mana vipers
  6 necromancers
  33 ugly things
  86 deep elf magi
  2 fire giant zombies
  A mana viper (shapeshifter) (Vaults:4)
  7 orc sorcerers
  24 harpies
  A sphinx skeleton (Crypt:1)
  A shining eye (shapeshifter) (Depths:2)
  8 cyclopes
  11 fauns
  5 wolf spiders
  23 manticores
  12 salamanders
  Maurice (Orc:2)
  4 worldbinders
  36 moths of wrath
  24 black mambas
  A cyclops (shapeshifter) (Abyss:3)
  4 water nymphs
  A guardian serpent (shapeshifter) (Vaults:1)
  2 eyes of devastation (shapeshifter)
  14 vault sentinels
  15 merfolk sirens
  6 elephants
  5 guardian serpents
  19 naga magi
  An eye of devastation (Gauntlet)
  Joseph (D:8)
  3 rust devils
  A water nymph (shapeshifter) (Vaults:5)
  2 ice statues (Depths:3)
  11 cane toads
  A titan simulacrum (Abyss:3)
  27 smoke demons
  3 orange demons
  16 freezing wraiths
  A catoblepas zombie (Crypt:2)
  A dire elephant skeleton (Crypt:3)
  5 gargoyles
  3 rime drakes
  3 centaur skeletons
  A rime drake (shapeshifter) (Depths:4)
  7 kobold demonologists
  7 komodo dragons
  A hellion (Pan)
  5 ice devils
  4 demonic crawlers (Pan)
  3 tengu conjurers
  6 tormentors
  An efreet (Abyss:3)
  19 hellwings
  2 yellow draconian skeletons
  7 guardian mummies (Crypt:3)
  A hydra zombie (Hell)
  A red devil (Hell)
  5 ancient zymes
  4 trolls
  54 yaktaurs
  2 jumping spiders (Vaults:4)
  A meliai (shapeshifter) (Vaults:4)
  3 meliai (D:13)
  2 jumping spiders (shapeshifter)
  A hornet (Vaults:2)
  35 merfolk
  A queen bee (D:11)
  8 wind drakes
  12 polar bears
  23 large abominations
  A wolf spider simulacrum (D:14)
  28 blink frogs
  9 slime creatures
  A raiju (shapeshifter) (Depths:4)
  An ettin zombie (Crypt:3)
  10 snapping turtles
  A jumping spider zombie (Crypt:2)
  4 meliai zombies
  16 dream sheep
  A death drake skeleton (Crypt:1)
  8 raiju
  3 alligator zombies (Hell)
  7 starcursed masses (Abyss:3)
  A frost giant simulacrum (Vaults:2)
  52 flying skulls
  5 air elementals
  An ice dragon skeleton (Crypt:3)
  11 fire elementals
  Eustachio (D:4)
  4 shadows
  3 hogs (Shoals:2)
  3 redbacks
  12 wraiths
  4 wyverns
  A golden eye (Gauntlet)
  An alligator skeleton (Hell)
  A hog (shapeshifter) (Vaults:5)
  6 ynoxinuls
  5 fire bats (Abyss:3)
  21 water elementals
  A wind drake skeleton (Crypt:1)
  51 yaks
  A neqoxec (Depths:3)
  9 vampire mosquitoes
  8 chaos spawn (Pan)
  9 wargs
  A merfolk zombie (Crypt:1)
  A harpy simulacrum (D:14)
  40 nagas
  A swamp worm (shapeshifter) (Abyss:3)
  A water moccasin (shapeshifter) (Vaults:5)
  3 spatial vortices (WizLab)
  3 acid dragons
  An acid dragon (shapeshifter) (Vaults:1)
  4 swamp worms (Lair:6)
  16 water moccasins
  Duvessa (D:5)
  A floating eye (Depths:4)
  A deep troll skeleton (Crypt:2)
  A monstrous demonspawn skeleton (Crypt:2)
  23 hell hounds
  A gelid demonspawn skeleton (Crypt:1)
  A cane toad skeleton (Hell)
  An ice beast (shapeshifter) (Vaults:5)
  A hornet zombie (D:7)
  4 phantoms
  58 orc warriors
  A swamp dragon zombie (Crypt:2)
  6 ice beasts
  3 sky beasts
  16 black bears
  2 eyes of draining
  A torpor snail zombie (Crypt:2)
  10 necrophages
  38 ogres
  20 boggarts
  26 wolves
  18 centaurs
  An elephant skeleton (Crypt:2)
  A salamander zombie (Crypt:1)
  9 big kobolds
  17 bullfrogs
  A gnoll sergeant (D:9)
  An earth elemental (Elf:1)
  A palentonga skeleton (Crypt:2)
  A cane toad simulacrum (Hell)
  3 human simulacra
  9 small abominations
  6 scorpions
  Dowan (D:5)
  36 killer bees (D:11)
  13 wights
  2 electric eels
  3 howler monkeys (D:10)
  2 bullfrog zombies
  3 crimson imps (Depths:5)
  5 quasits
  3 centaur zombies
  5 hounds
  36 orc priests
  6 jellies
  24 orc wizards
  2 iron imps
  4 iguanas
  7 worker ants
  9 big kobold zombies (Ossuary)
  An ogre skeleton (Crypt:1)
  2 hound skeletons
  2 mummies
  Robin (D:2)
  2 worker ant zombies
  14 gnolls
  10 adders
  2 river rats (D:3)
  2 shadow imps
  A white imp (Depths:5)
  3 oozes
  2 adder zombies
  An adder skeleton (D:6)
  A worm (D:3)
  A dart slug (D:1)
  7 leopard geckos
  115 orcs
  5 spectral bats (Ossuary)
  9 giant cockroaches
  17 goblins
  12 hobgoblins
  13 jackals
  27 kobolds
  4 quokkas
  7 ball pythons
  5 bats
  3 bat simulacra (Ossuary)
  11 frilled lizards
  3 gnoll zombies (Ossuary)
  5 goblin simulacra (Ossuary)
  7 goblin zombies
  11 hobgoblin zombies
  2 kobold simulacra (Ossuary)
  A kobold skeleton (D:7)
  8 kobold zombies
  A leopard gecko skeleton (D:5)
  A leopard gecko zombie (D:7)
  3 orc zombies
  A quokka skeleton (D:4)
  8 rats
  A rat simulacrum (Ossuary)
  A rat zombie (Crypt:1)
  2 spectral goblins (Ossuary)
  4 spectral kobolds (Ossuary)
  2 spectral rats (Ossuary)
  A block of ice (Pan)
  2 crawling corpses (Vaults:1)
  A lurking horror (Abyss:3)
  7 starspawn tentacles (Abyss:3)
  3 tentacles (Shoals:3)
3085 creatures vanquished.

Vanquished Creatures (collateral kills)
  A wizard (Pan)
  2 smoke demons (Pan)
3 creatures vanquished.

Vanquished Creatures (others)
  An ancient lich (Vaults:5)
  The ghost of makewrite the Hoplite, a veteran MiFi of Yredelemnul (Depths:2)
  A death cob (Zot:3)
  A yellow draconian (Zot:1)
  2 deep elf annihilators
  A deep elf death mage (Elf:1)
  2 ettins (Vaults:5)
  A yaktaur captain (Vaults:4)
  A naga warrior (Snake:4)
  A hydra (D:13)
  A centaur warrior (D:14)
  A merfolk aquamancer (Shoals:4)
  A deep troll shaman (Depths:4)
  2 two-headed ogres
  A sun demon (Pan)
  A sixfirhy (Pan)
  A salamander mystic (Snake:2)
  2 deep trolls (Depths:4)
  A flayed ghost (Depths:4)
  A sea snake (Shoals:1)
  A harpy (Vaults:4)
  4 deep elf magi
  A manticore (Shoals:3)
  2 black mambas
  A merfolk siren (Shoals:4)
  A smoke demon (Pan)
  A cane toad (Lair:5)
  A yaktaur (Vaults:4)
  A troll (D:13)
  A merfolk (Shoals:4)
  A slime creature (Vaults:1)
  A blink frog (Lair:4)
  A ynoxinul (Pan)
  A large abomination (Abyss:3)
  2 yaks
  A chaos spawn (Pan)
  A neqoxec (Abyss:3)
  A fire bat (Abyss:3)
  A naga (Snake:1)
  A warg (Lair:6)
  A water moccasin (Lair:6)
  An orc warrior (Orc:2)
  3 ogres
  A boggart (Depths:1)
  2 centaurs
  A bullfrog (D:15)
  An orc wizard (Orc:1)
  An ufetubus (Abyss:3)
  5 orcs
  A jackal (D:9)
  A bush (Lair:6)
  66 fungi
  A lurking horror (Abyss:3)
  183 plants
  9 starspawn tentacles
  13 tentacles (Shoals:3)
339 creatures vanquished.

Grand Total: 3427 creatures vanquished

Notes
Turn   | Place    | Note
-------+----------+-------------------------------------------
     0 | D:1      | morax the Ghoul Fighter began the quest for the Orb.
     0 | D:1      | Reached XP level 1. HP: 19/19 MP: 0/0
   164 | D:1      | Reached XP level 2. HP: 26/26 MP: 1/1
   513 | D:1      | Reached XP level 3. HP: 30/33 MP: 2/2
   947 | D:2      | Noticed Robin
  1018 | D:2      | Killed Robin
  1019 | D:2      | Reached XP level 4. HP: 26/40 MP: 3/3
  1549 | D:2      | Found a radiant altar of Vehumet.
  1766 | D:3      | Reached XP level 5. HP: 47/47 MP: 4/4
  1778 | D:3      | Reached skill level 5 in Unarmed Combat
  1949 | D:3      | Found a glowing drain.
  1953 | Sewer    | Entered a sewer
  2363 | Sewer    | Reached XP level 6. HP: 53/55 MP: 5/5
  2881 | D:3      | Reached skill level 5 in Fighting
  2947 | D:3      | You fall into a shaft and drop 1 floor!
  3441 | D:4      | Found a staircase to the Ecumenical Temple.
  3452 | Temple   | Entered the Ecumenical Temple
  3512 | Temple   | Became a worshipper of Ru the Awakened
  3567 | D:4      | Reached XP level 7. HP: 39/61 MP: 6/6
  4666 | D:5      | Entered Level 5 of the Dungeon
  4666 | D:5      | Found a hide-covered altar of Uskayaw.
  4666 | D:5      | Noticed Eustachio
  4697 | D:4      | Killed Eustachio
  4698 | D:4      | Reached XP level 8. HP: 40/71 MP: 7/7
  5556 | D:5      | Noticed Duvessa
  5564 | D:5      | Noticed Dowan
  5576 | D:5      | Killed Dowan
  5598 | D:5      | Killed Duvessa
  5612 | D:5      | Gained mutation: You are missing a hand. [Ru sacrifice]
  5612 | D:5      | Reached * piety under Ru
  5612 | D:5      | Reached ** piety under Ru
  5612 | D:5      | Reached *** piety under Ru
  5814 | D:5      | Found a glowing silver altar of Zin.
  6114 | D:6      | Found Naath's General Store.
  6137 | D:6      | Bought a scroll of enchant armour for 105 gold pieces
  6137 | D:6      | Bought a scroll of remove curse for 42 gold pieces
  6322 | D:6      | Found a shimmering altar of Xom.
  6322 | D:6      | Found a basalt altar of Yredelemnul.
  6322 | D:6      | Found a burning altar of Makhleb.
  6611 | D:7      | Reached skill level 10 in Unarmed Combat
  6620 | D:7      | Found a glowing golden altar of the Shining One.
  6654 | D:7      | Found a sand-covered staircase.
  6664 | Ossuary  | Entered an ossuary
  6881 | Ossuary  | Reached XP level 9. HP: 79/80 MP: 8/8
  7462 | D:7      | Gained mutation: You are sensitive to extremes of
                  | temperature. (rF-, rC-) [Ru sacrifice]
  7462 | D:7      | Reached **** piety under Ru
  7462 | D:7      | Reached ***** piety under Ru
  9352 | D:8      | Found a sparkling altar of Nemelex Xobeh.
  9806 | D:8      | Noticed Joseph
  9820 | D:8      | Killed Joseph
  9821 | D:8      | Reached XP level 10. HP: 49/91 MP: 9/9
 10107 | D:9      | Noticed Sensen's ghost (novice MiBe)
 10112 | D:9      | Found a runed translucent door.
 10125 | D:9      | Gained mutation: You cannot drink potions while threatened.
                  | [Ru sacrifice]
 10125 | D:9      | Reached ****** piety under Ru
 10753 | D:9      | Found a staircase to the Orcish Mines.
 10900 | D:9      | Reached skill level 10 in Fighting
 11247 | D:9      | Identified the Guide on Cold and the Voyage
 11370 | D:9      | Killed Sensen's ghost
 11463 | D:10     | Entered Level 10 of the Dungeon
 11564 | D:10     | Noticed a two-headed ogre
 11821 | D:10     | Reached skill level 1 in Dodging
 12239 | D:10     | Found a staircase to the Lair.
 12253 | Lair:1   | Entered Level 1 of the Lair of Beasts
 12316 | Lair:1   | Noticed a cane toad
 12326 | Lair:1   | Killed a cane toad
 12559 | Lair:1   | Noticed a cane toad
 12563 | Lair:1   | Killed a cane toad
 12564 | Lair:1   | Reached XP level 11. HP: 67/99 MP: 10/10
 13267 | Lair:1   | Noticed a four-headed hydra
 13273 | Lair:1   | Killed a four-headed hydra
 13430 | Lair:1   | Reached skill level 5 in Armour
 14658 | Lair:2   | Reached skill level 5 in Dodging
 15645 | Lair:3   | Reached XP level 12. HP: 95/108 MP: 11/11
 16355 | Lair:3   | Found a staircase to the Shoals.
 16546 | Lair:3   | Found a shimmering blue altar of Sif Muna.
 16603 | Lair:3   | Found a staircase to the Snake Pit.
 18083 | Lair:4   | Noticed an eight-headed hydra
 18118 | Lair:4   | Noticed a boulder beetle
 18122 | Lair:4   | Killed an eight-headed hydra
 18128 | Lair:4   | Killed a boulder beetle
 18129 | Lair:4   | Reached skill level 15 in Unarmed Combat
 18677 | Lair:4   | Noticed a six-headed hydra
 18686 | Lair:4   | Killed a six-headed hydra
 19113 | Lair:4   | Reached XP level 13. HP: 117/117 MP: 12/12
 19567 | Lair:5   | Found a runed translucent door.
 19568 | Lair:5   | Found a viscous altar of Jiyva.
 19568 | Lair:5   | Noticed an acid blob
 19570 | Lair:5   | Found a staircase to the Slime Pits.
 19570 | Lair:5   | Noticed an acid blob
 20701 | Lair:6   | Entered Level 6 of the Lair of Beasts
 21434 | Lair:6   | Identified the cursed +0 scale mail of the Heron {-Tele
                  | rElec rN+++ Stlth-}
 21434 | Lair:6   | Noticed Rupert
 21448 | Lair:6   | Killed Rupert
 21833 | Lair:6   | Reached skill level 10 in Armour
 22292 | Lair:5   | Lost intelligence.
 22607 | Lair:6   | Reached XP level 14. HP: 115/119 MP: 13/13
 23028 | Lair:6   | Reached skill level 10 in Dodging
 26643 | D:11     | You fall into a shaft and drop 3 floors!
 26643 | D:14     | Found an iron altar of Okawaru.
 26655 | D:14     | Found Vemoiff's Jewellery Boutique.
 26854 | D:13     | Noticed an ironheart preserver
 27007 | D:13     | Killed an ironheart preserver
 27008 | D:13     | Reached skill level 1 in Stealth
 27061 | D:13     | Found a gate to the Vaults.
 27108 | D:13     | Reached XP level 15. HP: 105/119 MP: 2/14
 27124 | D:13     | Found a sacrificial altar of Ru.
 27179 | D:13     | Found a gate leading to a gauntlet.
 27189 | Gauntlet | Entered a Gauntlet
 27189 | Gauntlet | Found a transporter.
 27189 | Gauntlet | Found a transporter.
 27338 | Gauntlet | Found a transporter.
 27338 | Gauntlet | Found a transporter.
 27347 | Gauntlet | Found a transporter.
 27366 | Gauntlet | Found a transporter.
 27376 | Gauntlet | Found a transporter.
 27376 | Gauntlet | Found a transporter.
 27382 | Gauntlet | Found a transporter.
 27411 | Gauntlet | Found a transporter.
 27418 | Gauntlet | Found a transporter.
 27436 | Gauntlet | Found a transporter.
 27482 | Gauntlet | Found a transporter.
 27498 | Gauntlet | Found a transporter.
 27599 | Gauntlet | Found a transporter.
 27615 | Gauntlet | Found a transporter.
 28215 | Gauntlet | Identified the ring "Dinun" {rPois Int+6}
 28910 | D:11     | Found Zaodig's Distillery.
 28917 | D:11     | Bought a potion of heal wounds for 55 gold pieces
 28917 | D:11     | Bought a potion of haste for 110 gold pieces
 28917 | D:11     | Bought a potion of heal wounds for 55 gold pieces
 28917 | D:11     | Bought a potion of ambrosia for 88 gold pieces
 28917 | D:11     | Bought a potion of invisibility for 88 gold pieces
 29444 | D:11     | HP: 6/127 [white ugly thing (35)]
 29960 | D:11     | Noticed a storm dragon
 30180 | D:11     | Noticed ouz's ghost (journeyman MiFi)
 30181 | D:11     | Noticed Sensen's ghost (journeyman MiBe)
 30183 | D:11     | Found a runed translucent gate.
 30183 | D:11     | Found a runed translucent gate.
 30183 | D:11     | Found a runed translucent gate.
 31877 | D:14     | Found Quvaonam's Book Boutique.
 31984 | D:14     | Found a shadowy altar of Dithmenos.
 32187 | D:15     | Entered Level 15 of the Dungeon
 32758 | D:15     | Reached skill level 5 in Stealth
 33146 | D:15     | Reached XP level 16. HP: 111/129 MP: 6/15
 33958 | D:15     | Found a staircase to the Depths.
 34188 | D:15     | Found a shimmering altar of Xom.
 34393 | Orc:1    | Entered Level 1 of the Orcish Mines
 34421 | Orc:1    | Found Roaps's General Store.
 34622 | Orc:2    | Entered Level 2 of the Orcish Mines
 34686 | Orc:2    | Noticed Maurice
 34713 | Orc:2    | Killed Maurice
 34730 | Orc:2    | Reached XP level 17. HP: 138/138 MP: 16/16
 34765 | Orc:2    | Found a staircase to the Elven Halls.
 35182 | Orc:2    | Found a radiant altar of Vehumet.
 35359 | Orc:2    | Found Baes's Armour Shoppe.
 36656 | Orc:2    | Found Kavyec's Distillery.
 36656 | Orc:2    | Found Ireacido's Assorted Antiques.
 36657 | Orc:2    | Found Ylupniu's General Store.
 36657 | Orc:2    | Found Puys's Armour Boutique.
 36665 | Orc:2    | Bought a potion of heal wounds for 60 gold pieces
 36666 | Orc:2    | Bought a potion of heal wounds for 65 gold pieces
 36666 | Orc:2    | Bought a potion of curing for 39 gold pieces
 36666 | Orc:2    | Bought a potion of curing for 39 gold pieces
 36669 | Orc:2    | Bought a +0 pair of gloves of strength for 149 gold pieces
 36670 | Orc:2    | Bought a scroll labelled GAIMYLIPOA for 26 gold pieces
 36886 | Orc:1    | Noticed Nergalle
 36895 | Orc:1    | Killed Nergalle
 37123 | Orc:1    | Found a roughly hewn altar of Beogh.
 37465 | Snake:1  | Entered Level 1 of the Snake Pit
 37979 | Snake:1  | Found a white marble altar of Elyvilon.
 38108 | Snake:1  | Found Geanoch's Weapon Shoppe.
 38112 | Snake:1  | Found Juadd's Weapon Shoppe.
 38302 | Snake:1  | Found Caerr's Armour Shoppe.
 38497 | Snake:1  | Found the +10 zealot's sword {holy, *Rage rN+ EV+3}
 40986 | Snake:2  | Reached skill level 15 in Fighting
 41629 | Snake:3  | Reached XP level 18. HP: 158/163 MP: 17/17
 42402 | Snake:3  | Noticed Louise
 42422 | Snake:3  | Killed Louise
 42766 | Snake:3  | Found Apouh's Jewellery Emporium.
 42767 | Snake:3  | Found Ynoebban's Gadget Boutique.
 42768 | Snake:3  | Found Zyemuviz's Jewellery Emporium.
 43098 | Snake:4  | Entered Level 4 of the Snake Pit
 43163 | Snake:4  | Found a bloodstained altar of Trog.
 43551 | Snake:4  | Noticed Saint Roka
 43566 | Snake:4  | Killed Saint Roka
 43967 | Snake:4  | Reached skill level 10 in Stealth
 44239 | Snake:3  | Identified a scroll of acquirement
 44239 | Snake:3  | Acquired 1271 gold pieces
 44296 | Snake:3  | Bought the ring "Jaifiemi" {rElec Str+6} for 942 gold
                  | pieces
 44442 | Snake:4  | Noticed Aizul
 44484 | Snake:3  | Killed Aizul
 45648 | Snake:4  | Got a serpentine rune of Zot
 45944 | Snake:4  | Found a runed translucent gate.
 45945 | Snake:4  | Found a runed translucent gate.
 45945 | Snake:4  | Found a runed translucent gate.
 45945 | Snake:4  | Noticed Zoimialu's ghost (adept OpWz)
 46081 | Snake:4  | Killed Zoimialu's ghost
 46225 | Shoals:1 | Entered Level 1 of the Shoals
 46450 | Shoals:1 | Noticed Donald
 46465 | Shoals:1 | Killed Donald
 46982 | Shoals:1 | Reached skill level 1 in Evocations
 46992 | Shoals:1 | Reached XP level 19. HP: 157/172 MP: 18/18
 48559 | Shoals:3 | Noticed Kirke
 48593 | Shoals:2 | Killed Kirke
 48672 | Shoals:3 | Noticed Polyphemus
 48689 | Shoals:3 | Killed Polyphemus
 49780 | Shoals:3 | Noticed Ilsuiw
 49790 | Shoals:3 | Killed Ilsuiw
 50456 | Shoals:4 | Entered Level 4 of the Shoals
 50527 | Shoals:4 | Noticed Nikola
 50555 | Shoals:4 | Killed Nikola
 51035 | Shoals:4 | Got a barnacled rune of Zot
 51620 | Shoals:4 | Reached XP level 20. HP: 137/166 MP: 19/19
 51783 | Shoals:4 | Identified a +2 pair of boots of running (You found it on
                  | level 4 of the Shoals)
 51859 | Shoals:4 | Identified the Handbook of the Aerial Voyage
 52733 | Vaults:1 | Entered Level 1 of the Vaults
 54366 | Vaults:1 | Reached skill level 5 in Evocations
 54547 | Vaults:1 | Found Doyxkir's Jewellery Emporium.
 54555 | Vaults:1 | Bought the ring "Haciq" {rPois rF+ rCorr Str-2 Int+4} for
                  | 424 gold pieces
 55055 | Vaults:2 | Found a magical portal.
 55099 | Vaults:2 | Reached skill level 15 in Armour
 55155 | WizLab   | Entered The Roulette of Golubria
 55155 | WizLab   | Found a transporter.
 55341 | WizLab   | Found a corrupted altar of Lugonu.
 55459 | WizLab   | Found a transporter.
 55485 | WizLab   | Found a transporter.
 55486 | WizLab   | Found the +3 salamander hide armour {Flames rF++ rC--}
 55556 | WizLab   | Reached XP level 21. HP: 190/194 MP: 20/20
 55607 | WizLab   | Found a transporter.
 55655 | WizLab   | Found a transporter.
 55727 | WizLab   | Found a transporter.
 55762 | WizLab   | Found a transporter.
 55801 | WizLab   | Found a transporter.
 55832 | WizLab   | Found a transporter.
 55834 | WizLab   | Identified Golubria's Papyrus of the Compass
 55956 | WizLab   | Found a transporter.
 56006 | WizLab   | Found a transporter.
 56006 | WizLab   | Found a transporter.
 56044 | WizLab   | Identified Golubria's Papyrus of Orientation
 56125 | WizLab   | Found a transporter.
 56125 | WizLab   | Found a transporter.
 56257 | WizLab   | Found a transporter.
 56311 | WizLab   | Got a heavily runed cloak
 56318 | WizLab   | Got a faintly glowing cloak
 56333 | WizLab   | Identified the cursed -2 cloak of the Arcane {rElec rPois
                  | Int-4} (You found it in a wizard's laboratory)
 56334 | WizLab   | Identified the cursed -2 cloak "Sainudgh" {Rampage Will+
                  | Str+3} (You found it in a wizard's laboratory)
 56337 | WizLab   | Identified the +2 cloak of Yfeedijo {rElec rF- Slay+3} (You
                  | found it in a wizard's laboratory)
 56354 | WizLab   | Found a transporter.
 56394 | WizLab   | Found a transporter.
 56394 | WizLab   | Found a transporter.
 56454 | WizLab   | Found a transporter.
 56454 | WizLab   | Found a transporter.
 56457 | WizLab   | Found a corrupted altar of Lugonu.
 58309 | Vaults:2 | Found Vaqeum's Magic Scroll Boutique.
 58323 | Vaults:2 | Bought a scroll of acquirement for 676 gold pieces
 58323 | Vaults:2 | Bought a scroll of fear for 45 gold pieces
 58323 | Vaults:2 | Bought a scroll of teleportation for 39 gold pieces
 58323 | Vaults:2 | Bought a scroll of blinking for 97 gold pieces
 58323 | Vaults:2 | Bought a scroll of teleportation for 39 gold pieces
 58323 | Vaults:2 | Acquired the amulet "Teat" {RegenMP rF++ MP-9 Slay+5 SInv}
 58475 | Vaults:3 | Noticed Xtahua
 58485 | Vaults:3 | Killed Xtahua
 58486 | Vaults:3 | Reached skill level 15 in Dodging
 58848 | Vaults:3 | Found Olaz Cuu's Distillery.
 58856 | Vaults:3 | Bought a potion of haste for 120 gold pieces
 58856 | Vaults:3 | Bought a potion of magic for 96 gold pieces
 58856 | Vaults:3 | Bought a potion of haste for 120 gold pieces
 58856 | Vaults:3 | Bought a potion of resistance for 120 gold pieces
 58905 | Vaults:3 | Found Emnar's Distillery.
 58905 | Vaults:3 | Found Wyihog's Armour Shop.
 59092 | Vaults:3 | Found Limuruan's Assorted Antiques.
 59210 | Vaults:3 | Bought a potion of curing for 60 gold pieces
 59210 | Vaults:3 | Bought 2 potions of flight for 120 gold pieces
 59210 | Vaults:3 | Bought a potion of haste for 200 gold pieces
 59210 | Vaults:3 | Bought a potion of brilliance for 80 gold pieces
 59210 | Vaults:3 | Bought a potion of might for 80 gold pieces
 59210 | Vaults:3 | Bought a potion of curing for 60 gold pieces
 59258 | Vaults:3 | Found a staircase to the Crypt.
 60023 | Vaults:3 | Reached XP level 22. HP: 204/204 MP: 12/21
 60763 | Vaults:5 | Entered Level 5 of the Vaults
 61736 | Vaults:4 | Cast into level 3 of the Abyss (ettin)
 61941 | Abyss:3  | Found a glowing golden altar of the Shining One.
 61984 | Abyss:3  | Noticed a juggernaut
 61987 | Abyss:3  | Got an abyssal rune of Zot
 62367 | Vaults:4 | Escaped the Abyss
 63602 | Vaults:5 | Cast into level 3 of the Abyss (a deep elf sorcerer)
 63661 | Abyss:3  | Reached XP level 23. HP: 215/215 MP: 13/22
 64000 | Vaults:5 | Escaped the Abyss
 65865 | Vaults:5 | Noticed an ancient lich
 65870 | Vaults:4 | Reached skill level 15 in Stealth
 66121 | Vaults:5 | Noticed Margery
 67407 | Vaults:5 | Killed Margery
 67421 | Vaults:5 | Killed an ancient lich
 67423 | Vaults:5 | Reached XP level 24. HP: 180/225 MP: 8/22
 67924 | Vaults:5 | Identified the +1 robe "Cummuul" {Str+5 Dex+3}
 68763 | Vaults:5 | Noticed an ancient lich
 68785 | Vaults:5 | Killed an ancient lich
 68808 | Vaults:5 | Identified the +8 fustibalus of Waequdgh {venom, rC+++}
 68808 | Vaults:5 | Identified the +0 plate armour of Lilacs {rPois Str+4}
 68851 | Vaults:5 | Identified the +5 long sword "Lejilyla" {vorpal, *Slow rC+
                  | Will++ MP+9}
 69046 | Vaults:5 | Noticed a caustic shrike
 69046 | Vaults:5 | a shadow dragon changed into a caustic shrike
 69050 | Vaults:5 | a caustic shrike changed into an iron dragon
 69198 | Vaults:5 | Got a silver rune of Zot
 69460 | Vaults:5 | Found Moixire's Distillery.
 69460 | Vaults:5 | Found Juhaez's Distillery.
 69465 | Vaults:5 | Bought a potion of haste for 120 gold pieces
 69465 | Vaults:5 | Bought a potion of curing for 36 gold pieces
 69465 | Vaults:5 | Bought a potion of might for 48 gold pieces
 69465 | Vaults:5 | Bought a potion of flight for 36 gold pieces
 69465 | Vaults:5 | Bought a potion of brilliance for 48 gold pieces
 69465 | Vaults:5 | Bought a potion of brilliance for 48 gold pieces
 69465 | Vaults:5 | Bought a potion of invisibility for 96 gold pieces
 69465 | Vaults:5 | Bought a potion of curing for 36 gold pieces
 69465 | Vaults:5 | Bought a potion of heal wounds for 60 gold pieces
 69472 | Vaults:5 | Bought a potion of resistance for 120 gold pieces
 69472 | Vaults:5 | Bought a potion of heal wounds for 60 gold pieces
 69472 | Vaults:5 | Bought a potion of brilliance for 48 gold pieces
 69472 | Vaults:5 | Bought a potion of curing for 36 gold pieces
 69472 | Vaults:5 | Bought a potion of resistance for 120 gold pieces
 69472 | Vaults:5 | Bought a potion of curing for 36 gold pieces
 69472 | Vaults:5 | Bought a potion of cancellation for 96 gold pieces
 69472 | Vaults:5 | Bought a potion of cancellation for 96 gold pieces
 69472 | Vaults:5 | Bought a potion of cancellation for 96 gold pieces
 69472 | Vaults:5 | Bought a potion of heal wounds for 60 gold pieces
 69479 | Vaults:5 | Found Feoconocs's Distillery.
 69502 | Vaults:5 | Found Quicijeo's Distillery.
 69502 | Vaults:5 | Found Wupyijomuy's Magic Scroll Boutique.
 69718 | Vaults:5 | Identified Iseycs's Disquisition on Unstable Companions
 69738 | Vaults:5 | Identified the Guide on Freezing Calling
 69741 | Vaults:5 | Identified the cursed +0 pair of boots of Jathrol {Rampage
                  | rCorr} (You found it on level 5 of the Vaults)
 70297 | Elf:1    | Entered Level 1 of the Elven Halls
 70488 | Elf:1    | Found Ureth's Antique Weapon Emporium.
 71150 | Elf:1    | Identified the cursed +1 scale mail of the Vaults {rC-
                  | Int+4} (You found it on level 1 of the Elven Halls)
 71155 | Elf:1    | Identified the Papyrus of Conjuration
 71453 | Elf:2    | Reached skill level 10 in Evocations
 71570 | Elf:2    | Found a runed translucent gate.
 71570 | Elf:2    | Found a runed translucent gate.
 71570 | Elf:2    | Found a runed translucent gate.
 72232 | Elf:2    | Noticed Agnes
 72244 | Elf:2    | Killed Agnes
 72293 | Elf:2    | Noticed Asterion
 72320 | Elf:2    | Killed Asterion
 72477 | Elf:2    | Reached XP level 25. HP: 236/236 MP: 13/22
 72479 | Elf:2    | Noticed Azrael
 72497 | Elf:2    | Killed Azrael
 72687 | Elf:3    | Entered Level 3 of the Elven Halls
 73126 | Elf:3    | Identified the cursed +1 chain mail "Duosix" {rPois Dex+7}
 73167 | Elf:3    | Cast into level 3 of the Abyss (a deep elf demonologist)
 73780 | Elf:3    | Escaped the Abyss
 74456 | Elf:3    | Identified Asmodeus's Compendium of Calling
 74474 | Elf:3    | Identified the ring of Belahoen {rPois Str+3 SInv} (You
                  | found it on level 3 of the Elven Halls)
 74688 | Elf:3    | Identified the +0 pair of boots of Rer Lehi {Int+4 Slay+2}
                  | (You found it on level 3 of the Elven Halls)
 75129 | Crypt:1  | Entered Level 1 of the Crypt
 75399 | Crypt:1  | Noticed Boris
 75613 | Vaults:3 | Killed Boris
 77257 | Crypt:2  | Reached XP level 26. HP: 199/229 MP: 13/22
 78074 | Crypt:3  | Entered Level 3 of the Crypt
 78635 | Crypt:3  | Found a basalt altar of Yredelemnul.
 79591 | Crypt:3  | Noticed Khufu
 79592 | Crypt:3  | Identified the ring "Wame" {rN+ AC+4 Str+5}
 79608 | Crypt:3  | Killed Khufu
 79739 | Crypt:3  | Found a staircase to the Tomb.
 79822 | Crypt:3  | Identified the Collected Works on Necromancy
 80415 | Depths:1 | Entered Level 1 of the Depths
 80582 | Depths:1 | Found a gateway to Hell.
 81128 | Depths:1 | Found a one-way gate leading to the halls of Pandemonium.
 81900 | Depths:2 | Found Koish's Gadget Emporium.
 81947 | Depths:2 | Bought a phantom mirror for 880 gold pieces
 81947 | Depths:2 | Bought a phial of floods for 880 gold pieces
 82483 | Depths:2 | Noticed Boris
 82501 | Depths:2 | Killed Boris
 82502 | Depths:2 | Reached XP level 27. HP: 121/251 MP: 13/22
 82820 | Depths:2 | Identified the +4 ring mail "Sigriampao" {rN+}
 83138 | Depths:2 | Found a runed translucent gate.
 83164 | Depths:2 | Found a runed translucent gate.
 83169 | Depths:2 | Found an opulent altar of Gozag.
 83169 | Depths:2 | Noticed makewrite's ghost (veteran MiFi)
 83170 | Depths:2 | Found a runed translucent gate.
 83926 | Depths:2 | Killed makewrite's ghost
 84230 | Depths:3 | Found Rasuhikh's Weapon Shoppe.
 84714 | Depths:3 | Noticed Boris
 84729 | Depths:3 | Killed Boris
 85280 | Depths:3 | Noticed an ancient lich
 85289 | Depths:3 | Killed an ancient lich
 85574 | Depths:3 | Identified the Handbook of Evil Magic and Curses
 86063 | Depths:4 | Identified the +5 whip "Cainwy" {drain, Stlth+}
 87105 | Depths:4 | Found a one-way gate to the infinite horrors of the Abyss.
 87109 | Depths:4 | Paralysed by a floating eye for 3 turns
 87246 | Depths:4 | Found a runed translucent gate.
 87246 | Depths:4 | Found a runed translucent gate.
 87248 | Depths:4 | Found an ancient bone altar of Kikubaaqudgha.
 87248 | Depths:4 | Found a runed translucent gate.
 87248 | Depths:4 | Noticed an ancient lich
 87249 | Depths:4 | Noticed an ancient lich
 87249 | Depths:4 | Noticed Plog's ghost (adept DgCj)
 87927 | Depths:4 | Identified the +8 mace of Zobiv {venom, rElec Str+3 Int+2}
 88191 | Depths:4 | Killed an ancient lich
 88197 | Depths:4 | Killed an ancient lich
 88207 | Depths:4 | Killed Plog's ghost
 88288 | Depths:4 | Got a slimy tin ring
 88293 | Depths:4 | Identified the +1 cloak of the Gusle {rElec rPois rC+
                  | Str-4} (You found it on level 4 of the Depths)
 88304 | Depths:4 | Acquired the +6 crystal plate armour of Wubbyath {*Drain
                  | Int+7}
 88305 | Depths:4 | Acquired a scarf of resistance
 88306 | Depths:4 | Acquired the amulet "Gettarec" {RegenMP +Fly rElec rF+
                  | Int+4 Dex+4}
 88326 | Depths:4 | Identified the cursed ring of Dishonesty {rF+++ rN+ Int-3
                  | Dex-4} (You found it on level 4 of the Depths)
 88340 | Depths:4 | Learned a level 8 spell: Infestation
 88350 | Depths:5 | Entered Level 5 of the Depths
 88351 | Depths:5 | Found a gateway to a ziggurat.
 88558 | Depths:5 | Found Sipp's General Store.
 88615 | Depths:5 | Bought a lightning rod (4/4) for 690 gold pieces
 88646 | Depths:5 | Found a gate to the Realm of Zot.
 89007 | Depths:5 | Noticed Jory
 89020 | Depths:5 | Killed Jory
 89877 | Zot:1    | Entered Level 1 of the Realm of Zot
 89918 | Zot:1    | Identified the +8 plate armour "Lomaeh" {rF+ rCorr} (You
                  | found it on level 1 of the Realm of Zot)
 90874 | Zot:2    | Reached skill level 1 in Necromancy
 91356 | Zot:2    | Found the +2 cloak of the Thief {*Fog Slay-2 SInv Stlth+}
 92390 | Zot:3    | Reached skill level 5 in Necromancy
 92584 | Zot:3    | Noticed an orb of fire
 92595 | Zot:3    | Killed an orb of fire
 95058 | Zot:5    | Entered Level 5 of the Realm of Zot
 96357 | Zot:5    | Noticed an orb of fire
 96386 | Zot:5    | Killed an orb of fire
 96387 | Zot:5    | Reached skill level 27 in Unarmed Combat
 96509 | Zot:5    | Reached skill level 10 in Necromancy
 97084 | Zot:5    | Noticed an orb of fire
 97118 | Zot:5    | Killed an orb of fire
 98085 | Zot:5    | Noticed an orb of fire
 98109 | Zot:5    | Killed an orb of fire
 98124 | Zot:5    | Noticed an ancient lich
 98133 | Zot:5    | Killed an ancient lich
 98218 | Zot:5    | Noticed an orb of fire
 98300 | Zot:5    | Killed an orb of fire
 99184 | Hell     | Entered the Vestibule of Hell
 99184 | Hell     | Noticed Geryon
 99199 | Hell     | Noticed Murray
 99212 | Hell     | Killed Geryon
 99220 | Hell     | Reached skill level 15 in Evocations
 99263 | Hell     | Killed Murray
 99452 | Hell     | Found a gateway to the freezing wastes of Cocytus.
 99749 | Pan      | Entered Pandemonium
100255 | Pan      | Found an exit through the horrors of the Abyss.
101488 | Pan      | Found a runed translucent door.
101626 | Pan      | Entered the realm of Lom Lobon.
101745 | Pan      | Reached skill level 27 in Fighting
102023 | Pan      | Noticed Lom Lobon
102049 | Pan      | Killed Lom Lobon
102144 | Pan      | Got a magical rune of Zot
103030 | Pan      | Noticed Deanue Deuz the pandemonium lord
103051 | Pan      | Killed Deanue Deuz the pandemonium lord
103052 | Pan      | Reached skill level 1 in Spellcasting
103189 | Pan      | Got a demonic rune of Zot
103321 | Pan      | Noticed Mennas
103369 | Pan      | HP: 11/273 [Mennas/+2 trishula of holy wrath (12)]
103369 | Pan      | Slain by Mennas

Illustrated notes

Levels and vault maps discovered:
D:1:      psy_arrival_fountain, layout_basic
D:2:      layout_loops_ring, vehumet_crystals, uniq_robin
D:3:      layout_rooms, serial_corexii_hall, chequers_hall_statues_corner_a,
          corexii_hall_statues_t, gup_sewer_entry_spiral,
          chequers_serial_rivers_micro_e
D:4:      layout_loops_corners, minmay_temple_entry_wispy
D:5:      layout_basic, zin_scriptorium, basic_altar, uniq_eustachio,
          uniq_duvessa
D:6:      layout_rooms, gammafunk_temple_overflow_claw, serial_shops, shop,
          hangedman_abyss_or_decor_lesser_grid, kennysheep_another_room,
          minmay_mini_ossuary
D:7:      layout_gridville, lightli_ossuary_entry_decrepit_ruins,
          chequers_decorated_corner, nicolae_tso_besieged_by_evil
D:8:      layout_basic, nemelex_altar_shiori, nrook_loot_triangle,
          minmay_misc_feat_hallway, uniq_joseph
D:9:      layout_irregular_city, david_orc_1_choice,
          hellmonk_ghost_happy_afterlife
D:10:     layout_basic, grunt_lair_entry_orc_guard_hut
D:11:     hangedman_what_comes_after_a, layout_loops_ring, serial_shops, shop,
          gammafunk_ghost_cemetery, serial_bayou_ford_a,
          onia_ninara_dug_in_and_dangerous
D:12:     layout_basic
D:13:     layout_cave_pools, skrybe_vaults_entry_preservation, basic_altar,
          gauntlet_entry_generic
D:14:     layout_long_grid, okawaru_ov_weapons_minmay, serial_shops, shop,
          kennysheep_mini, grunt_dithmenos_shadows
D:15:     hangedman_depths_entry_civil_slaughter, layout_cave_pools,
          lemuel_coloured_pillars_altar
Temple:   nicolae_temple_x_marks_the_god
Lair:1:   layout_regular_city, serial_bayou_shore_b
Lair:2:   layout_gridlike, serial_bayou_shore_b
Lair:3:   layout_long_grid, elwin_shoals_entry_stream,
          guppyfry_snake_entry_garden, basic_altar
Lair:4:   layout_layer_cave, enter_volcano_1, serial_bayou_shore_a,
          grunt_megastairs_5
Lair:5:   layout_loops_ring, slime_altar_2
Lair:6:   hangedman_lair_caniforms_friends, layout_gridlike, worms_lemuel,
          infiniplex_staircase_pool_2, uniq_rupert
Shoals:1: layout_shoals, argonaut_gorgonesque, uniq_donald
Shoals:2: layout_shoals
Shoals:3: layout_shoals, uniq_polyphemus, uniq_kirke, uniq_ilsuiw
Shoals:4: shoals_end_hangedman, layout_shoals, uniq_nikola
Snake:1:  layout_onion_interference, serial_shops,
          nicolae_shop_temple_entry_statues_fountains, basic_altar,
          serial_bayou_shore_b, minmay_shop_star
Snake:2:  layout_layer_cave, grunt_ministairs_11,
          nrook_guardian_serpent_ordinary
Snake:3:  layout_misc_corridors, special_room, minmay_shop_grove,
          grunt_megastairs_4, uniq_louise
Snake:4:  snake_pit, layout_cave_town, basic_altar, ebering_ghost_rock_garden,
          uniq_saint_roka, uniq_aizul
Orc:1:    layout_caves, serial_shops, nicolae_shop_waterfront, basic_altar,
          uniq_nergalle
Orc:2:    st_orc_pillars, layout_diamond_mine, basic_altar, serial_shops,
          nicolae_shop_behind_doors, uniq_maurice
Elf:1:    layout_gridlike, serial_shops, nicolae_shop_trees, minmay_elf_sorcery,
          grunt_ministairs_12, roderic_lattice_octagonal_star
Elf:2:    layout_gridlike, uniq_agnes, uniq_azrael, uniq_asterion
Elf:3:    grunt_elf_hall_asides, layout_loops_cross
Vaults:1: ontoclasm_vaults_tryst, ontoclasm_vaults_hangar,
          vaults_room_ringed_pool, grunt_vaults_twisty, vaults_dpeg_ring,
          vaults_room_glass_cross, vaults_room_grunt_arrival_ludios,
          layout_vaults_omnigrid, serial_shops, shop
Vaults:2: v_misc_12, v_misc_19, vaults_room_door_hall, vaults_room_grid,
          v_misc_2, vaults_room_door_hall, vaults_mumra_hex,
          nicolae_vaults_puzzle_piece, vaults_dpeg_hooks,
          ontoclasm_vaults_ring_small, v_misc_23, layout_vaults_maze,
          mu_enter_wizlab_4, serial_shops, nicolae_shop_trees
Vaults:3: nicolae_vaults_windows_and_doors_thing, v_misc_27,
          hangedman_vaults_hard_town_square, ontoclasm_vaults_eye,
          vaults_mumra_hexcomb, vaults_dpeg_cross, layout_vaults_chaotic_city,
          dummy_crypt_entry, serial_shops, shop, uniq_xtahua
Vaults:4: nicolae_vaults_puzzle_piece, nicolae_vaults_network_quincunx
          [nicolae_vaults_network_quincunx_subvault,
          nicolae_vaults_network_quincunx_subvault,
          nicolae_vaults_network_quincunx_subvault,
          nicolae_vaults_network_quincunx_subvault,
          nicolae_vaults_network_quincunx_subvault], kb_rosetta, v_pattern_5,
          vaults_room_pools, v_misc_30, nicolae_vaults_asterisk,
          vaults_room_door_hall, layout_vaults_omnibox
Vaults:5: uniq_margery
Crypt:1:  layout_chaotic_city, uniq_boris
Crypt:2:  layout_chaotic_city
Crypt:3:  grunt_crypt_end_deaths_head
Depths:1: layout_gridlike, kennysheep_nub, pan_entry, hell_entry,
          horrible_house_mu, firewood_loft
Depths:2: minmay_imperfect_grid, layout_gridlike, ebering_ghost_gozag,
          serial_shops, shop, serial_sigils_hangedman_clutch, hell_entry,
          interstate_on_off
Depths:3: cheibrodos_cascadia, layout_cave_shapes, serial_shops, shop,
          pf_hell_entry_great_geh, rand_demon_pan_entry_4,
          corexii_leaking_fountain, infiniplex_staircase_spiral_double
Depths:4: nzn_winding_woodlands_huge [nzn_winding_woodlands_5x15_longhouse,
          nzn_winding_woodlands_5x15_river_crossing,
          nzn_winding_woodlands_5x15_default,
          nzn_winding_woodlands_5x15_split_checker,
          nzn_winding_woodlands_5x15_default, nzn_winding_woodlands_5x15_pool,
          nzn_winding_woodlands_5x15_zeroes,
          nzn_winding_woodlands_5x15_concentric,
          nzn_winding_woodlands_5x15_lazy_stream,
          nzn_winding_woodlands_5x15_sawtooth,
          nzn_winding_woodlands_center_triple_pond,
          nzn_winding_woodlands_center_diamonds,
          nzn_winding_woodlands_15x15_thick_spiral], layout_basic, pan_entry,
          nicolae_abyss_entry_one_way_or_another, hell_entry,
          gammafunk_ghost_crypt
Depths:5: evilmike_zot_entry_basic, layout_cave_shapes, enter_ziggurat_f,
          serial_shops, shop_statue, grunt_pan_entry_zigzag, hell_entry,
          minmay_misc_feat_secret_circle, grunt_megastairs_3, uniq_jory
Hell
Zot:1:    layout_onion
Zot:2:    layout_gridlike, skrybe_zot_glass_1
Zot:3:    layout_gridville
Zot:4:    kennysheep_bubbly, layout_onion_interference
Zot:5:    layout_twisted_circle
Pan:      evilmike_mini_pan_pillars, layout_basic, rand_demon_9, layout_rooms,
          pan_blood_fountain_small, nicolae_pan_cerebovesque_3,
          nicolae_pan_diamonds, layout_cellular_growth,
          evilmike_mini_pan_other_thingy, layout_cellular_growth, lom_lobon_st,
          layout_basic, evilmike_mini_pan_T, layout_gridlike,
          nicolae_pan_glass_arcs, layout_pan_divisions_a
          [pan_division_quadrant_a3, pan_division_quadrant_a4,
          pan_division_quadrant_a4, pan_division_quadrant_a4,
          pan_division_octagon_box], rand_demon_2, layout_pan_divisions_a
          [pan_division_quadrant_a2, pan_division_quadrant_a3,
          pan_division_quadrant_a6, pan_division_quadrant_a4,
          pan_division_octagon_divided], uniq_mennas_pan, nicolae_pan_sigil_eeng

Skill      XL: |  1  2  3  4  5  6  7  8  9 10 11 12 13 14 15 16 17 18 19 20 21 22 23 24 25 26 27 |
---------------+----------------------------------------------------------------------------------+-----
Unarmed Combat | 3 4 5 6 8 10 12 14 15 16 17 18 19 20 21 22 23 24 27 | 27.0
Fighting       | 4 5 6 7 9 10 11 12 13 14 15 17 18 19 20 21 22 23 27 | 27.0
Shields        | 0 |  0.0
Armour         | 3 6 8 10 11 12 13 14 15 16 17 20 | 20.0
Dodging        | 2 5 7 9 11 12 13 14 15 16 17 19 | 19.7
Stealth        | 1 5 7 9 11 12 13 14 15 16 17 21 | 21.3
Evocations     | 1 3 5 7 8 9 10 11 15 | 15.6
Necromancy     | 14 | 14.0
Spellcasting   | 1 |  1.7

Action                   |  1- 3 |  4- 6 |  7- 9 | 10-12 | 13-15 | 16-18 | 19-21 | 22-24 | 25-27 || total
-------------------------+-------+-------+-------+-------+-------+-------+-------+-------+-------++-------
Melee: Unarmed           |   124 |   315 |   513 |   491 |  1229 |  1198 |  1810 |  1300 |  3868 || 10848
Throw: Dart              |       |       |       |     1 |       |       |     5 |       |       ||     6
Invok: Sacrifice a Hand  |       |       |     1 |       |       |       |       |       |       ||     1
       Sacrifice Resista |       |       |     1 |       |       |       |       |       |       ||     1
       Apocalypse        |       |       |       |     9 |    17 |     9 |    10 |    11 |    17 ||    73
       Sacrifice Drink   |       |       |       |     1 |       |       |       |       |       ||     1
       Draw Out Power    |       |       |       |     1 |     4 |     1 |       |       |       ||     6
Evoke: Wand              |       |     1 |     2 |     4 |    11 |    12 |       |     1 |       ||    31
       Phial of floods   |       |       |       |       |       |       |       |       |     1 ||     1
       Phantom mirror    |       |       |       |       |       |       |       |       |     1 ||     1
  Use: Potion            |     3 |       |     4 |       |     8 |     1 |     3 |     5 |     6 ||    30
       Scroll            |       |     8 |     3 |     6 |     6 |    16 |     8 |    12 |    28 ||    87
 Stab: Paralysed         |       |     5 |       |    21 |    20 |    21 |    30 |    19 |    25 ||   141
       Invisible         |       |       |     3 |     7 |    16 |    18 |    19 |    19 |    36 ||   118
       Distracted        |       |       |     1 |     3 |     8 |    13 |    13 |     2 |    22 ||    62
       Sleeping          |       |       |       |       |       |     2 |       |     2 |     3 ||     7
       Petrifying        |       |       |       |       |       |       |       |       |     2 ||     2
Armor: Scale mail        |    58 |   120 |   121 |    37 |       |       |       |       |       ||   336
       Plate armour      |       |       |       |   128 |   532 |   204 |   746 |   605 |   736 ||  2951
       Ring mail         |       |       |       |       |       |    73 |       |       |       ||    73
       Gold dragon scale |       |       |       |       |       |       |       |       |  1160 ||  1160
Dodge: Dodged            |    39 |    98 |   149 |   143 |   862 |   819 |  1085 |   734 |  2058 ||  5987
Block: Kite shield       |    52 |   158 |    63 |       |       |       |       |       |       ||   273
       Other             |       |       |       |       |       |       |   164 |       |       ||   164
       Reflection        |       |       |       |       |       |       |     9 |       |       ||     9
